 Dungeon Crawl Stone Soup version 0.27-a0-95-g5a9077b8ae (webtiles) character file.

Game seed: 4239670964218629002

188 KristoblXynda the Slasher (level 5, -1/45 HPs)
             Began as a Draconian Gladiator on Jan 18, 2021.
             Slain by an orc wizard
             ... wielding a +0 dagger
              (3 damage)
             ... on level 3 of the Dungeon.
             The game lasted 00:03:07 (2816 turns).

KristoblXynda the Slasher (Draconian Gladiator)     Turns: 2816, Time: 00:03:08

Health: -1/45      AC:  7    Str: 16    XL:     5   Next: 39%
Magic:  5/5        EV: 13    Int: 15    God:
Gold:   81         SH:  0    Dex: 13    Spells: 4/4 levels left

rFire    . . .     SeeInvis .   f - +3 short sword (freeze)
rCold    . . .     Faith    .   (no shield)
rNeg     . . .     Spirit   .   (armour unavailable)
rPois    .         Reflect  .   b - +0 hat
rElec    .         Harm     .   e - +0 cloak
rCorr    .         Rampage  .   m - +0 pair of gloves
Will     .....                  (no boots)
Stlth    +.........             (no amulet)
HPRegen  0.15/turn              h - +6 ring of intelligence
MPRegen  0.09/turn              (no ring)

@: hasted, very quick
A: unfitting armour, cold-blooded, AC +5
a: no special abilities


You were on level 3 of the Dungeon.
You visited 1 branch of the dungeon, and saw 3 of its levels.

You collected 81 gold pieces.

Inventory:

Hand Weapons
 a - a +0 long sword
 f - a +3 short sword of freezing (weapon)
Missiles
 c - 3 throwing nets (quivered)
Armour
 b - a +0 hat (worn)
 e - a +0 cloak (worn)
 m - a +0 pair of gloves (worn)
Jewellery
 h - a +6 ring of intelligence (left hand)
Scrolls
 d - 5 scrolls of identify
 g - a scroll of remove curse {unknown}
 j - 2 scrolls of magic mapping {unknown}
 k - a scroll of enchant weapon {unknown}
 l - a scroll of teleportation {unknown}
Potions
 i - a potion of brilliance
 n - a potion of haste


   Skills:
 + Level 3.5 Fighting
 * Level 4.7 Long Blades
 - Level 2.0 Throwing
 + Level 3.6 Dodging


You had 4 spell levels left.
You didn't know any spells.
Your spell library was empty.

Dungeon Overview and Level Annotations

Branches:
Dungeon (3/15)

Altars:
Fedhas


Innate Abilities, Weirdness & Mutations

Your plain brown scales are hard. (AC +5)
You cannot fit into any form of body armour.
You are cold-blooded and may be slowed by cold attacks.


Message History

* * * LOW HITPOINT WARNING * * *
You hit the orc priest. You freeze the orc priest.
You kill the orc priest!
An orc priest comes into view. It is wielding a +0 flail.
The orc priest begins to cast a cantrip, but forgets the words!
You start resting.
An orc wizard is nearby!
The orc wizard hits you but does no damage.
You hit the orc wizard. You freeze the orc wizard.
Your tail-slap misses the orc wizard.
The orc wizard is heavily wounded.
The orc wizard hits you but does no damage.
You feel yourself speed up.
The orc priest calls down the wrath of Beogh upon you.
Pain shoots through your body!
* * * LOW HITPOINT WARNING * * *
You hit the orc priest. You freeze the orc priest.
The orc priest is lightly wounded.
The orc wizard hits you with a +0 dagger.
You die...

#
###############
#
#............o#
#
#.###########@#
####.# #o#
.....# #.#
...###
#.....)...#
...#
#.##.#..#.#
...# #....# #
...# # ##.#
.### .# .## ..


You could see an orc priest and an orc wizard.

Vanquished Creatures
  2 orc priests (D:3)
  3 adders
  3 gnolls (D:2)
  An ooze (D:1)
  2 worms
  2 leopard geckos
  2 orcs (D:3)
  5 giant cockroaches
  15 goblins
  6 hobgoblins
  5 kobolds
  5 ball pythons
  5 bats
  5 frilled lizards (D:2)
  4 rats
65 creatures vanquished.

Notes
Turn   | Place    | Note
-------+----------+-------------------------------------------
     0 | D:1      | KristoblXynda the Draconian Gladiator began the quest for
                  | the Orb.
     0 | D:1      | Reached XP level 1. HP: 17/17 MP: 1/1
   263 | D:1      | Reached XP level 2. HP: 19/25 MP: 2/2
   871 | D:2      | Reached XP level 3. HP: 30/30 MP: 3/3
  1541 | D:2      | Reached skill level 4 in Long Blades
  1541 | D:2      | Reached XP level 4. HP: 38/38 MP: 4/4
  2313 | D:3      | Reached XP level 5. HP: 17/45 MP: 5/5
  2527 | D:3      | Found a blossoming altar of Fedhas.
  2815 | D:3      | HP: 2/45 [orc priest/nerve-wracking pain (12)]
  2816 | D:3      | Slain by an orc wizard

Illustrated notes

Levels and vault maps discovered:
D:1:      lightli_arrival_lavapool, layout_basic
D:2:      layout_loops_corners
D:3:      layout_loops_cross, fedhas_altar_1

Skill      XL: |  1  2  3 |
---------------+----------+-----
Throwing       | 2 |  2.0
Dodging        | 3 |  3.6
Fighting       | 3 |  3.5
Long Blades    | 4 |  4.7

Action                   |  1- 3 |  4- 6 || total
-------------------------+-------+-------++-------
Melee: Short sword       |   101 |    70 ||   171
       Long sword        |     5 |       ||     5
       Tailslap          |     9 |     7 ||    16
  Use: Scroll            |       |     2 ||     2
       Potion            |       |     1 ||     1
 Stab: Sleeping          |     2 |       ||     2
Armor: Skin              |    35 |    23 ||    58
Dodge: Dodged            |    69 |    60 ||   129

Table legend: (Time is in decaauts)
 A = Elapsed time spent in this place.
 B = Non-inter-level travel time spent in this place.
 C = Inter-level travel time spent in this place.
 D = Time resting spent in this place.
 E = Time spent auto-exploring this place.
 F = Levels seen in this place.
 G = Mean time per level.
                   A        B        C        D        E       F      G
               +--------+--------+--------+--------+--------+-----+--------+
         Total |   2815 |   2768 |     47 |    614 |   1684 |   3 |  938.3 |
       Dungeon |   2815 |   2768 |     47 |    614 |   1684 |   3 |  938.3 |
               +--------+--------+--------+--------+--------+-----+--------+

Top non-repeatable levels by time:
     D:2: 1487 daAuts
     D:1: 770 daAuts
     D:3: 558 daAuts
